 Dungeon Crawl Stone Soup version 0.29-a0-251-g80730f7218 (webtiles) character file.

Game seed: 7847436078154648807

7 anonymouscript the Grasshopper (level 1, 19/19 HPs)
             Began as a Troll Warper on Mar 5, 2022.
             Quit the game on level 1 of the Dungeon.
             The game lasted 00:00:39 (197 turns).

anonymouscript the Grasshopper (Troll Warper)        Turns: 197, Time: 00:00:40

Health: 19/19      AC:  4    Str: 18    XL:     1   Next: 83%
Magic:  1/1        EV: 10    Int:  9    God:
Gold:   0          SH:  0    Dex:  9    Spells: 2/2 levels left

rFire   . . .      SeeInvis .     - Unarmed
rCold   . . .      Faith    .   (no shield)
rNeg    . . .      Spirit   .   a - +0 robe
rPois   .          Reflect  .   (helmet restricted)
rElec   .          Harm     .   (no cloak)
rCorr   .          Rampage  .   (gloves unavailable)
Will    .....                   (boots unavailable)
Stlth   +.........              (no amulet)
HPRegen 0.86/turn               (no ring)
MPRegen 0.07/turn               (no ring)

@: no status effects
A: large, unfitting armour, claws 3, regeneration 1, shaggy fur 1, tough skin 1
a: no special abilities


You were on level 1 of the Dungeon.
You visited 1 branch of the dungeon, and saw 1 of its levels.

Inventory:

Hand Weapons
 e - a +0 hunting sling
Missiles
 c - 5 boomerangs of dispersal (quivered)
Armour
 a - a +0 robe (worn)
Scrolls
 b - a scroll of blinking
 d - a scroll of fear {unknown}


   Skills:
 + Level 1.5 Fighting
 + Level 1.1 Throwing
 + Level 2.0 Dodging
 + Level 2.1 Unarmed Combat
 + Level 1.3 Spellcasting
 + Level 2.3 Translocations


You had 2 spell levels left.
You didn't know any spells.
Your spell library contained the following spells:

 Spells                   Type           Power      Damage    Failure   Level
 Blink                    Tloc           8%         N/A       22%         2
 Gell's Gravitas          Tloc           4%         N/A       38%         3
 Lesser Beckoning         Tloc           4%         N/A       38%         3
 Teleport Other           Tloc           4%         N/A       38%         3
 Manifold Assault         Tloc           4%         N/A       98%         5


Dungeon Overview and Level Annotations

Branches:
Dungeon (1/15)

Altars:


Innate Abilities, Weirdness & Mutations

You are too large for most types of armour.
You have claws for hands.
Your natural rate of healing is unusually fast.
You are covered in fur. (AC +1)
You have tough skin. (AC +1)


Message History

You see here a +0 hunting sling.
Throw: 5 boomerangs (disperse)
Press: ? - help, Q - select action Shift-Dir - straight line, f - you
Okay, then.
e - a +0 hunting sling You enter the shallow water.
Moving in this stuff is going to be slow.
You enter the shallow water.
Moving in this stuff is going to be slow.
Found a stone staircase leading down.
A ball python comes into view.
Found a trident.
A ball python comes into view.
Found a faded altar of an unknown god.
Found an escape hatch in the floor.
A ball python comes into view.
The ball python hisses angrily. x2
The ball python bites you.
A ball python comes into view.
You scratch the ball python.
You kill the ball python!
You claw the ball python!
You kill the ball python!
Found a stone staircase leading down.
You see here a ball python corpse.
You barely miss the ball python.
The ball python bites you but does no damage.
You barely miss the ball python.
The ball python bites you but does no damage.
The ball python bites you.
You claw the ball python!
You kill the ball python!
The ball python closely misses you.
Your Dodging skill increases to level 2!
The ball python bites you but does no damage.
You claw the ball python!
You kill the ball python!
You see here a ball python corpse.
A kobold comes into view. It is wielding a +0 whip.
The kobold shouts!
Are you sure you want to abandon this character and quit the game? (Confirm with "yes".)

#.... ..#.#.# #.#
##._.## #.#.#.#
#.#
#.....####.#.#.#
#.# #...#.....#.#
#.#
##)†........###.#
##..#..........#
##..#############
#...>#.####
#...@K....#
#.>.......#
#.........#
######+####


You could see a kobold.

Vanquished Creatures
  5 ball pythons (D:1)
  A bat (D:1)
  A frilled lizard (D:1)
  A kobold (D:1)
8 creatures vanquished.

Notes
Turn   | Place    | Note
-------+----------+-------------------------------------------
     0 | D:1      | anonymouscript the Troll Warper began the quest for the
                  | Orb.
     0 | D:1      | Reached XP level 1. HP: 19/19 MP: 1/1
    77 | D:1      | Reached skill level 1 in Throwing
   181 | D:1      | Found a faded altar of an unknown god.
   197 | D:1      | Quit the game

Illustrated notes

Levels and vault maps discovered:
D:1:      dpeg_arrival_round_c, layout_basic, nicolae_ecumenical_snake_handling,
          chequers_serial_rivers_marsh, minmay_pentomino_w4

Skill      XL: |  1 |
---------------+----+-----
Throwing       | 1 |  1.1
Dodging        | 2 |  2.0
Fighting       | |  1.5
Unarmed Combat | |  2.1
Spellcasting   | |  1.3
Translocations | |  2.3

Action                   || total
-------------------------++-------
Melee: Unarmed           ||    17
Armor: Robe              ||    13
Dodge: Dodged            ||     8

Table legend: (Time is in decaauts)
 A = Elapsed time spent in this place.
 B = Non-inter-level travel time spent in this place.
 C = Inter-level travel time spent in this place.
 D = Time resting spent in this place.
 E = Time spent auto-exploring this place.
 F = Levels seen in this place.
 G = Mean time per level.
                   A        B        C        D        E       F      G
               +--------+--------+--------+--------+--------+-----+--------+
         Total |    198 |    198 |      0 |      0 |    136 |   1 |  198.0 |
       Dungeon |    198 |    198 |      0 |      0 |    136 |   1 |  198.0 |
               +--------+--------+--------+--------+--------+-----+--------+

Top non-repeatable levels by time:
     D:1: 198 daAuts
